[Event "Team 45 45 League T39"]
[Site "Internet Chess Club"]
[Date "2008.10.31"]
[Round "2"]
[White "Warpdrive"]
[Black "musk6868"]
[Result "0-1"]
[WhiteElo "1650"]
[BlackElo "1583"]
[Opening "Ruy Lopez: closed"]
[ECO "C90"]
[Time "22:55:40"]
[TimeControl "2700+45"]

1. e4 e5 2. Nf3 Nc6 3. Bb5 a6 4. Ba4 Nf6 5. O-O b5 6. Bb3 Be7 7. Re1 d6 8. h3
Na5 9. c3 Nxb3 10. axb3 Bb7 11. d3 O-O 12. Bg5 Nd7 13. Bxe7 Qxe7 14. Nbd2 f5 15.
b4 fxe4 16. dxe4 Rf4 17. Qc2 Raf8 18. Re2 Qf7 19. c4 Qg6 20. Kh2 Nf6 21. cxb5
axb5 22. Qxc7 Bxe4 23. Qxd6 Ng4+ 24. hxg4 Qxd6 25. Nxe4 Qh6+ 26. Kg3 Qe6 27. Nh2
Qb3+ {White resigns} 0-1

[Event "Team 45 45 League T39"]
[Site "Internet Chess Club"]
[Date "2008.11.01"]
[Round "2"]
[White "luster-snow"]
[Black "johnnyperez"]
[Result "0-1"]
[WhiteElo "1405"]
[BlackElo "1684"]
[Opening "Petrov three knights game"]
[ECO "C42"]
[Time "22:17:25"]
[TimeControl "2700+45"]

1. e4 e5 2. Nf3 Nf6 3. Nc3 d6 4. Bc4 Be7 5. O-O O-O 6. d3 a6 7. Bb3 Bg4 8. h3
Bh5 9. Bg5 Nbd7 10. a3 b5 11. Qe2 c5 12. Bxf6 Nxf6 13. Bd5 Rb8 14. Rab1 b4 15.
axb4 cxb4 16. Na2 Nxd5 17. exd5 a5 18. c4 Qb6 19. b3 f5 20. Rfe1 Bg5 21. Qd1
Rbe8 22. Qc2 Bxf3 23. gxf3 Rf6 24. Kh2 Bf4+ 25. Kg2 Rg6+ 26. Kf1 Qd8 27. Ke2 Qh4
28. Rh1 e4 29. fxe4 fxe4 30. dxe4 Bh6 31. f3 Rg2+ 32. Kd3 Rxc2 33. Kxc2 Qf2+ 34.
Kd3 Qxf3+ 35. Kd4 Qxe4# {White checkmated} 0-1

[Event "Team 45 45 League T39"]
[Site "Internet Chess Club"]
[Date "2008.11.02"]
[Round "2"]
[White "tsia68"]
[Black "PawnMorphy"]
[Result "0-1"]
[WhiteElo "1844"]
[BlackElo "1817"]
[Opening "Caro-Kann: closed (Breyer) variation"]
[ECO "B10"]
[Time "15:03:07"]
[TimeControl "2700+45"]

1. e4 c6 2. d3 d5 3. Nd2 e5 4. Ngf3 Bd6 5. g3 Nf6 6. Bg2 O-O 7. O-O Bg4 8. h3
Bh5 9. Re1 Re8 10. b3 Nbd7 11. Bb2 Qa5 12. a3 Qb6 13. Nf1 Bc5 14. Qe2 Rad8 15.
b4 a5 16. c3 Be7 17. g4 Bg6 18. Ng3 dxe4 19. dxe4 h6 20. Nh4 Bxe4 21. Nxe4 Nxe4
22. Nf5 Nd6 23. Nxe7+ Rxe7 24. c4 c5 25. b5 Rde8 26. Rad1 e4 27. Rd5 Ne5 28.
Bxe5 Rxe5 29. Red1 Rxd5 30. Rxd5 Re6 31. Bf1 Qc7 32. Qe3 b6 33. Qf4 Nxb5 34. Qe3
Nd4 35. Bg2 Qe7 36. g5 hxg5 37. Rxg5 Nf3+ 38. Bxf3 exf3 39. Qf4 Rg6 40. Rxg6
Qe1+ 41. Kh2 Qxf2+ 42. Kh1 fxg6 43. Qg4 Qg2+ 44. Qxg2 fxg2+ 45. Kxg2 Kf7 46. Kf3
Kf6 47. Ke4 Kg5 48. Kd5 Kh4 49. Kc6 Kxh3 50. Kxb6 g5 51. Kxc5 g4 52. Kd6 g3
{White resigns} 0-1

[Event "Team 45 45 League T39"]
[Site "Internet Chess Club"]
[Date "2008.10.30"]
[Round "2"]
[White "LAJ"]
[Black "primerpaso"]
[Result "1-0"]
[WhiteElo "1781"]
[BlackElo "1870"]
[Opening "Queen's Indian defense"]
[ECO "A47"]
[Time "18:02:34"]
[TimeControl "2700+45"]

1. d4 Nf6 2. Nf3 b6 3. Bg5 Bb7 4. Bxf6 exf6 5. Nbd2 d5 6. e3 Nd7 7. Bd3 Bd6 8.
O-O O-O 9. c4 c5 10. Qc2 g6 11. Rac1 Rc8 12. Qb1 f5 13. cxd5 Bxd5 14. Ba6 Rc7
15. e4 fxe4 16. Nxe4 Bf4 17. Rcd1 c4 18. Rfe1 f5 19. Ned2 Qa8 20. Qc2 Qc6 21. a4
Bxd2 22. Nxd2 Nf6 23. Bb5 Qa8 24. f3 a6 25. Bxc4 Bxc4 26. b3 Bxb3 27. Qxb3+ Nd5
28. Nc4 Rd8 29. Nxb6 Qb7 30. a5 Rc3 31. Qa2 Kf8 32. Qd2 Ra3 33. Nxd5 Qxd5 34.
Qh6+ Kf7 35. Qxh7+ Kf8 36. Qe7+ Kg8 37. Re6 Kh8 38. Rxg6 {Black resigns} 1-0

[Event "Team 45 45 League T39"]
[Site "Internet Chess Club"]
[Date "2008.11.04"]
[Round "2"]
[White "clarinetref"]
[Black "AVEMARIA"]
[Result "0-1"]
[WhiteElo "1713"]
[BlackElo "1749"]
[Opening "Réti opening"]
[ECO "A05"]
[Time "20:07:55"]
[TimeControl "2700+45"]

1. Nf3 Nf6 2. g3 d5 3. d3 c6 4. Bg2 Bg4 5. Nbd2 Nbd7 6. O-O e5 7. e4 Be7 8. Re1
O-O 9. c3 Nc5 10. Nb3 dxe4 11. Nxc5 Bxc5 12. dxe4 Qxd1 13. Rxd1 Nxe4 14. Be3
Bxe3 15. fxe3 Bxf3 16. Bxf3 Ng5 17. Bg2 Rad8 18. h4 Ne6 19. b4 Rxd1+ 20. Rxd1
Rd8 21. Rxd8+ Nxd8 22. a4 f6 23. Kf2 Kf7 24. Bf1 Ke6 25. e4 Kd6 26. Bc4 b6 27.
Ke3 c5 28. b5 Nb7 29. Bg8 h6 30. Bd5 Na5 31. g4 c4 32. Kd2 Nb3+ 33. Kc2 Nc5 34.
Bxc4 Nxe4 35. Kb3 Kc5 36. Bd3 Nf2 37. Be2 h5 38. gxh5 f5 39. Kc2 f4 40. Kd2 e4
41. Ke1 e3 42. h6 gxh6 43. Kf1 Ne4 44. c4 Ng3+ 45. Ke1 Nxe2 46. Kxe2 Kxc4 {White
resigns} 0-1

[Event "Team 45 45 League T39"]
[Site "Internet Chess Club"]
[Date "2008.11.02"]
[Round "2"]
[White "Rlopez"]
[Black "frankd"]
[Result "1-0"]
[WhiteElo "1748"]
[BlackElo "1500"]
[Opening "Dutch with c4 & Nc3"]
[ECO "A85"]
[Time "13:00:52"]
[TimeControl "2700+45"]

1. d4 f5 2. c4 Nf6 3. Nc3 e6 4. Nf3 c6 5. g3 d5 6. Bg2 Bd6 7. O-O O-O 8. b3 Qe8
9. Bb2 Ne4 10. e3 Qh5 11. Ne2 g5 12. Ne5 Rf6 13. f3 Rh6 14. fxe4 Qxh2+ 15. Kf2
f4 16. exf4 Qh5 17. Rh1 {Black resigns} 1-0

[Event "Team 45 45 League T39"]
[Site "Internet Chess Club"]
[Date "2008.10.30"]
[Round "2"]
[White "Zebbile"]
[Black "Despair"]
[Result "0-1"]
[WhiteElo "2020"]
[BlackElo "1970"]
[Opening "Queen's pawn: English defense"]
[ECO "A40"]
[Time "21:00:08"]
[TimeControl "2700+45"]

1. d4 b6 2. e4 Bb7 3. Nc3 g6 4. Bc4 e6 5. Nf3 d5 6. exd5 exd5 7. Bd3 Bg7 8. O-O
Ne7 9. Bg5 Nbc6 10. Re1 f6 11. Bf4 a6 12. a3 f5 13. Bg5 O-O 14. Qd2 Qd7 15. b3
Rae8 16. Re2 Nxd4 17. Nxd4 Bxd4 18. Rae1 Rf7 19. Re6 Bc5 20. Qe2 d4 21. Na4 Bxa3
22. Bxa6 Bd5 23. Bb5 c6 24. Nxb6 Qxe6 25. Qxe6 Bxe6 26. Bxc6 Nxc6 27. Nc4 Bb4
28. Bd2 Bxd2 29. Nxd2 Rfe7 30. f3 Nb4 31. Rc1 Rc8 32. Ra1 Nxc2 33. Ra5 Ne3 34.
Ra2 Rc1+ 35. Kf2 Kf7 36. Ke2 Rc2 37. Ra3 Bc4+ {White resigns} 0-1

[Event "Team 45 45 League T39"]
[Site "Internet Chess Club"]
[Date "2008.11.03"]
[Round "2"]
[White "fishhead"]
[Black "Zornorph"]
[Result "0-1"]
[WhiteElo "1923"]
[BlackElo "2057"]
[Opening "King's pawn opening"]
[ECO "B07"]
[Time "13:00:27"]
[TimeControl "2700+45"]

1. e4 d6 2. f4 f5 3. Nc3 Nf6 4. d3 Nc6 5. Nf3 e5 6. Be2 Be7 7. O-O O-O 8. Kh1
exf4 9. Bxf4 Bd7 10. Qd2 a6 11. Rae1 b5 12. a3 Rb8 13. Nd5 fxe4 14. dxe4 Nxe4
15. Qe3 Nf6 16. Nxe7+ Qxe7 17. Qb3+ Qf7 18. c4 bxc4 19. Qa4 Nd4 20. Qxa6 Nxe2
21. Rxe2 c3 22. Nd4 cxb2 23. Rb1 Qa2 24. Ree1 Nd5 25. Bd2 Be8 26. Nc2 Bg6 27.
Qc6 Rb6 28. Qa4 Qb3 29. Qxb3 Rxb3 30. Nd4 Bxb1 31. Rxb1 Rxa3 {White resigns} 0-1

[Event "Team 45 45 League T39"]
[Site "Internet Chess Club"]
[Date "2008.11.02"]
[Round "2"]
[White "kabindra"]
[Black "jazzpiano"]
[Result "1/2-1/2"]
[WhiteElo "1834"]
[BlackElo "1757"]
[Opening "French: Tarrasch, open variation, main line"]
[ECO "C09"]
[Time "14:17:01"]
[TimeControl "2700+45"]

1. e4 e6 2. d4 d5 3. Nd2 c5 4. Ngf3 Nc6 5. exd5 exd5 6. dxc5 Bxc5 7. Nb3 Bb6 8.
Bd3 Nf6 9. O-O O-O 10. Bg5 Bg4 11. Be2 Re8 12. c3 Qd6 13. Nfd4 Bxe2 14. Nxe2 Ne4
15. Bf4 Nxf2 16. Rxf2 Bxf2+ 17. Kxf2 Rxe2+ 18. Qxe2 Qxf4+ 19. Kg1 Qe4 20. Qb5
Qe3+ 21. Kh1 Re8 22. h3 Qg3 {Game drawn by mutual agreement} 1/2-1/2

[Event "Team 45 45 League T39"]
[Site "Internet Chess Club"]
[Date "2008.11.01"]
[Round "2"]
[White "DaPaz"]
[Black "Ser-Enigma"]
[Result "0-1"]
[WhiteElo "2051"]
[BlackElo "2174"]
[Opening "Levitsky attack (Queen's bishop attack)"]
[ECO "D00"]
[Time "15:02:27"]
[TimeControl "2700+45"]

1. d4 d5 2. Bg5 h6 3. Bh4 c5 4. c3 Qb6 5. Qb3 c4 6. Qxb6 axb6 7. e4 e6 8. Nd2 b5
9. Nh3 Na6 10. Be2 dxe4 11. Nxe4 f5 12. Bh5+ Kd7 13. Nc5+ Nxc5 14. dxc5 g5 15.
O-O-O+ Kc6 16. Be8+ Kxc5 17. Bg3 f4 18. Nxf4 gxf4 19. Bxf4 Kb6 20. Be3+ Ka6 21.
a4 bxa4 22. Bxa4 b5 23. Bc2 Be7 24. Kd2 Nf6 25. Ke2 Bd7 26. Be4 Nxe4 27. Rxd7
Bc5 28. f3 Bxe3 29. Kxe3 Nc5 30. Rd6+ Kb7 31. Kd4 Rac8 32. Ke3 Kc7 33. Rd4 Rcd8
34. Ra1 Rxd4 35. cxd4 Na4 36. Rb1 Rg8 37. g4 h5 38. h3 hxg4 39. hxg4 Rh8 40. b3
Nc3 41. Rc1 Nd5+ 42. Ke4 c3 43. Ke5 Kd7 44. g5 Rf8 45. f4 Rxf4 46. Rxc3 Rf5+
{White resigns} 0-1

[Event "Team 45 45 League T39"]
[Site "Internet Chess Club"]
[Date "2008.10.31"]
[Round "2"]
[White "mcplayerus"]
[Black "yopuedocontodos"]
[Result "0-1"]
[WhiteElo "1890"]
[BlackElo "2021"]
[Opening "King's Indian: 6.Be2"]
[ECO "E91"]
[Time "18:30:24"]
[TimeControl "2700+45"]

1. d4 Nf6 2. c4 d6 3. Nc3 g6 4. e4 Bg7 5. Nf3 O-O 6. Be2 Nbd7 7. O-O c6 8. Rb1
Qc7 9. b4 b6 10. Bd2 a6 11. Qb3 Bb7 12. Rfd1 Rad8 13. h3 e5 14. d5 c5 15. Be3
Rb8 16. Nd2 Ne8 17. a4 f5 18. f3 f4 19. Bf2 Nef6 20. Qa3 Nh5 21. bxc5 bxc5 22.
Rb2 Ba8 23. Rdb1 Rxb2 24. Rxb2 Rb8 25. Rxb8+ Qxb8 26. a5 Bf6 27. Qb3 Qc7 28. Qa4
Bd8 29. Nb3 Kf7 30. Be1 Bb7 31. Nd1 Bc8 32. Nf2 Nhf6 33. Bc3 Nf8 34. Nd2 Bd7 35.
Qb3 h5 36. Nd1 g5 37. Nb2 g4 38. hxg4 hxg4 39. Na4 g3 40. Bd1 Ng6 41. Qb6 Qxb6
42. Nxb6 Be8 43. Bb3 Ne7 44. Nb1 Neg8 45. Na3 Nh6 46. Nc2 Ke7 47. Ne1 Nf7 48.
Nd3 Bc7 49. Nb2 Nd8 50. N2a4 Nb7 51. Kf1 Nd7 52. Nc8+ Kd8 53. Ncb6 Nf6 54. Bd1
Bb8 55. Ke1 Kc7 56. Kd2 Ba7 57. Kd3 Nd7 58. Nxd7 Bxd7 59. Bb3 Nd8 60. Kc2 Bh3
61. Kd2 Bxg2 62. Ke2 Nf7 63. Bc2 Ng5 64. Nb2 Bxf3+ 65. Kf1 Bxe4 66. Bd1 g2+
{White resigns} 0-1

[Event "Team 45 45 League T39"]
[Site "Internet Chess Club"]
[Date "2008.10.31"]
[Round "2"]
[White "Gaia"]
[Black "Pawntrader66"]
[Result "1/2-1/2"]
[WhiteElo "2027"]
[BlackElo "1909"]
[Opening "Budapest: Fajarowicz variation"]
[ECO "A51"]
[Time "16:00:08"]
[TimeControl "2700+45"]

1. d4 Nf6 2. c4 e5 3. dxe5 Ne4 4. Nf3 Bb4+ 5. Bd2 Nxd2 6. Nbxd2 Nc6 7. a3 Bxd2+
8. Qxd2 Qe7 9. Qc3 O-O 10. e3 Re8 11. O-O-O Nxe5 12. Nxe5 Qxe5 13. Qxe5 Rxe5 14.
Bd3 d6 15. Rde1 b6 16. e4 Bb7 17. f3 Rae8 18. Rd1 R5e7 19. b4 g6 20. Kc2 Kg7 21.
Kc3 Rd8 22. Bc2 Bc6 23. Rd2 f6 24. Rhd1 Red7 25. c5 dxc5 26. Rxd7+ Rxd7 27.
Rxd7+ Bxd7 28. bxc5 g5 29. Kd4 h6 30. Bb3 Bb5 31. g3 Be2 32. f4 gxf4 33. gxf4
Kf8 34. Kd5 Bf3 35. cxb6 axb6 36. Kc6 Bxe4+ 37. Kxc7 b5 38. Kb6 Bd3 39. Bd5 Ke7
40. Bc6 Ke6 41. Bxb5 Bc2 42. Kc5 Kf5 43. Kd4 Kxf4 44. Kc3 Bd1 45. Kd2 Bb3 46.
Ke2 f5 47. Bd7 Bc2 48. Kf2 Bd1 49. Bb5 Bb3 50. Be2 Ke4 51. Bf3+ Kf4 52. Bh5 Ba4
53. Be2 Bc2 54. Ke1 Ke3 55. Bb5 f4 56. Kf1 f3 57. Ke1 Bb3 58. a4 f2+ 59. Kf1
Bxa4 60. Bxa4 Kf4 61. Kxf2 h5 62. Kg2 Kg5 63. Kh3 h4 64. Bd7 Kh5 65. Bg4+ Kg5
66. Bd1 Kh6 67. Kxh4 Kg7 68. Kh5 Kh8 69. Kh6 Kg8 70. Bc2 Kh8 71. Kg6 Kg8 72. h4
Kh8 73. h5 Kg8 74. h6 Kh8 75. h7 {Black stalemated} 1/2-1/2

[Event "Team 45 45 League T39"]
[Site "Internet Chess Club"]
[Date "2008.11.03"]
[Round "2"]
[White "charles-allen"]
[Black "cityprosecutor"]
[Result "1-0"]
[WhiteElo "1906"]
[BlackElo "1758"]
[Opening "Sicilian"]
[ECO "B50"]
[Time "20:02:15"]
[TimeControl "2700+45"]

1. e4 c5 2. Nf3 d6 3. Bc4 Nf6 4. d3 Nc6 5. c3 Bg4 6. Qb3 d5 7. exd5 Na5 8. Qa4+
Bd7 9. Bb5 b6 10. Ne5 a6 11. Bxd7+ Nxd7 12. O-O b5 13. Qf4 f6 14. Nxd7 Qxd7 15.
Qf3 h5 16. Be3 Nb7 17. Nd2 g5 18. Rfe1 O-O-O 19. c4 g4 20. Qe2 h4 21. Ne4 g3 22.
fxg3 hxg3 23. Nxg3 f5 24. Rf1 e6 25. dxe6 Qxe6 26. Rae1 Qg6 27. Rxf5 Bd6 28. Rg5
Qh7 29. Rh5 Qg7 30. Rxh8 Rxh8 31. Bf2 Qh7 32. h3 Qg7 33. Qg4+ Qxg4 34. hxg4 Rg8
35. Nf5 bxc4 36. Nxd6+ Nxd6 37. Bxc5 Nb7 38. d4 Rxg4 39. Re8+ Kc7 40. Re7+ Kc8
41. Re6 a5 42. Bb6 a4 43. Rc6+ Kd7 44. Rc7+ {Black resigns} 1-0

[Event "Team 45 45 League T39"]
[Site "Internet Chess Club"]
[Date "2008.11.01"]
[Round "2"]
[White "Fezzik"]
[Black "Sleete"]
[Result "0-1"]
[WhiteElo "1971"]
[BlackElo "2206"]
[Opening "QGD Slav: Dutch variation"]
[ECO "D18"]
[Time "19:06:52"]
[TimeControl "2700+45"]

1. d4 d5 2. c4 c6 3. Nf3 Nf6 4. Nc3 dxc4 5. a4 Bf5 6. e3 e6 7. Bxc4 Bb4 8. O-O
O-O 9. Nh4 Bg4 10. f3 Bh5 11. g4 Nd5 12. Ng2 Bg6 13. Na2 Bd6 14. e4 Nb6 15. Be2
c5 16. Be3 cxd4 17. Bxd4 Nc6 18. Bf2 Qc7 19. h4 Rad8 20. Qb3 Be5 21. Rac1 Rd2
22. Rc2 Na5 23. Rxc7 Nxb3 24. Rxb7 Rxe2 25. h5 Rxb2 26. Nc1 Nd2 27. hxg6 Nxf3+
28. Kh1 Nh2 29. Nd3 Nxf1 30. Nxb2 Bxb2 31. Bc5 hxg6 32. Bxf8 Kxf8 33. a5 Nc4 34.
Rb8+ Ke7 35. Rb4 Nfd2 36. a6 Bd4 37. Rb7+ Kf6 38. Rc7 Ne5 39. Ne1 Nxe4 40. Nc2
Bb6 41. Rb7 Bc5 42. Kg2 Nxg4 43. Kf3 Nef2 44. Rc7 Ne5+ 45. Ke2 Ne4 46. Ne3 g5
47. Rb7 g4 48. Ng2 Kg5 49. Rb5 Nc3+ {White resigns} 0-1

[Event "Team 45 45 League T39"]
[Site "Internet Chess Club"]
[Date "2008.11.03"]
[Round "2"]
[White "AntonioMendonca"]
[Black "PJ"]
[Result "1/2-1/2"]
[WhiteElo "1663"]
[BlackElo "1771"]
[Opening "Scotch: Mieses variation"]
[ECO "C45"]
[Time "16:30:56"]
[TimeControl "2700+45"]

1. e4 e5 2. Nf3 Nc6 3. d4 exd4 4. Nxd4 Nf6 5. Nxc6 bxc6 6. e5 Qe7 7. Qe2 Nd5 8.
c4 Nb6 9. Nd2 g6 10. b3 Bg7 11. Bb2 d6 12. f4 O-O 13. g3 f6 14. O-O-O fxe5 15.
Bg2 Bd7 16. fxe5 Rae8 17. Rhf1 Rxf1 18. Rxf1 Bxe5 19. Bxe5 Qxe5 20. Qxe5 Rxe5
21. Ne4 Kg7 22. Kd2 d5 23. cxd5 cxd5 24. Nc3 a5 25. Rf4 c5 26. Rf2 c4 27. Re2
Kf6 28. Rf2+ Ke7 29. Re2 Rxe2+ 30. Kxe2 cxb3 31. axb3 Kd6 32. Ke3 Ke5 33. Ne2 a4
34. bxa4 Nxa4 35. Nf4 Bc6 36. Nd3+ Kd6 37. Kd4 Nb6 38. Nb4 Bb7 {Game drawn by
mutual agreement} 1/2-1/2

[Event "Team 45 45 League T39"]
[Site "Internet Chess Club"]
[Date "2008.11.02"]
[Round "2"]
[White "Thersites"]
[Black "rayngrant"]
[Result "1/2-1/2"]
[WhiteElo "1715"]
[BlackElo "1561"]
[Opening "French: Tarrasch, open variation"]
[ECO "C07"]
[Time "20:01:36"]
[TimeControl "2700+45"]

1. e4 e6 2. d4 d5 3. Nd2 c5 4. Ngf3 Qc7 5. Bd3 Nc6 6. c3 cxd4 7. cxd4 Nb4 8.
Bb5+ Bd7 9. Bxd7+ Qxd7 10. O-O Rc8 11. Ne5 Qc7 12. exd5 Nxd5 13. Ndf3 Be7 14.
Bd2 Ngf6 15. Qa4+ Nd7 16. Rac1 Qd8 17. Rxc8 Qxc8 18. Rc1 Qd8 19. Qxa7 Nxe5 20.
Nxe5 O-O 21. Qxb7 Bd6 22. Qc6 Bxe5 23. dxe5 Ne7 24. Qc3 Qd7 25. h3 Rc8 26. Qa3
Rxc1+ 27. Bxc1 Qd1+ 28. Kh2 Qxc1 29. Qxe7 Qf4+ 30. Kg1 Qc1+ 31. Kh2 Qf4+ {Game
drawn by mutual agreement} 1/2-1/2

[Event "Team 45 45 League T39"]
[Site "Internet Chess Club"]
[Date "2008.11.03"]
[Round "2"]
[White "Rhel"]
[Black "Ghashgork"]
[Result "1/2-1/2"]
[WhiteElo "1526"]
[BlackElo "1691"]
[Opening "King's Indian: 5.Be2"]
[ECO "E73"]
[Time "14:30:35"]
[TimeControl "2700+45"]

1. d4 d6 2. c4 Nf6 3. Nc3 g6 4. e4 Bg7 5. Be2 Nc6 6. Nf3 Bg4 7. O-O O-O 8. Be3
Bxf3 9. Bxf3 e5 10. d5 Ne7 11. b4 a5 12. a3 b6 13. c5 axb4 14. axb4 bxc5 15.
bxc5 Qd7 16. c6 Rxa1 17. Qxa1 Qc8 18. Rb1 Qa8 19. Be2 Qxa1 20. Rxa1 Rb8 21. f3
Nc8 22. Nb5 Ne8 23. Kf2 f5 24. Bd2 Bf6 25. Rb1 Na7 26. Nc3 Rxb1 27. Nxb1 Nc8 28.
Nc3 Kf7 29. g3 Nb6 30. Bb5 f4 31. g4 Bh4+ 32. Kf1 h5 33. Na4 Nxa4 34. Bxa4 hxg4
35. fxg4 Bd8 36. Ke2 Kf6 37. h4 Kf7 38. g5 Ng7 39. Bd1 Nh5 40. Kd3 Ng3 41. Be1
Nh5 {Game drawn by mutual agreement} 1/2-1/2

[Event "Team 45 45 League T39"]
[Site "Internet Chess Club"]
[Date "2008.11.02"]
[Round "2"]
[White "TerryMalloy"]
[Black "chessateer"]
[Result "1/2-1/2"]
[WhiteElo "2010"]
[BlackElo "1845"]
[Opening "King's Indian: fianchetto, Yugoslav Panno"]
[ECO "E66"]
[Time "10:00:16"]
[TimeControl "2700+45"]

1. d4 Nf6 2. c4 d6 3. g3 g6 4. Bg2 Bg7 5. Nf3 O-O 6. O-O c5 7. Nc3 Nc6 8. d5 Na5
9. Qd3 Bf5 10. e4 Bg4 11. Bd2 Nd7 12. b3 f5 13. Rae1 f4 14. gxf4 g5 15. Nxg5 h6
16. Ne6 Bxe6 17. dxe6 Nf6 18. Nd5 Nc6 19. Bc3 Nd4 20. Bxd4 cxd4 21. Qxd4 Nxd5
22. Qxd5 Rxf4 23. Qxb7 Bd4 24. Rd1 Be5 25. c5 Rh4 26. f4 Rxf4 27. Rxf4 Bxf4 28.
cxd6 Bxd6 29. Rf1 Qb6+ 30. Qxb6 axb6 31. a4 Rc8 32. Rb1 Rc2 33. h3 Kg7 34. Bf3
Bc5+ 35. Kh1 Bd6 36. Bg4 Bf4 37. Rf1 Rc1 38. Kg2 Rxf1 39. Kxf1 Kf6 40. Ke2 Ke5
41. Kd3 Bg3 42. Bf5 Kd6 43. Kc4 Kc6 44. b4 Bf4 45. h4 Bg3 46. h5 Bf4 47. Bg6 Bg3
48. Be8+ Kc7 49. a5 bxa5 50. bxa5 Kb7 51. Bb5 Ka7 52. Kd5 Be1 53. a6 Bc3 54. Kc6
Be5 55. Kd7 Bf6 56. e5 Bg5 {Game drawn by mutual agreement} 1/2-1/2

[Event "Team 45 45 League T39"]
[Site "Internet Chess Club"]
[Date "2008.11.02"]
[Round "2"]
[White "ir75"]
[Black "upsan"]
[Result "1-0"]
[WhiteElo "1868"]
[BlackElo "1864"]
[Opening "Queen's pawn"]
[ECO "A40"]
[Time "12:00:42"]
[TimeControl "2700+45"]

1. d4 e6 2. Nf3 f5 3. Bf4 Nf6 4. e3 Be7 5. h3 O-O 6. Bd3 c6 7. c3 d5 8. Nbd2
Nbd7 9. Qe2 Ne4 10. O-O-O Qa5 11. Kb1 Qb6 12. Ka1 Ndf6 13. Ne5 Nd7 14. Ndf3 Nxe5
15. Nxe5 Bf6 16. Rhg1 Ng5 17. h4 Nf7 18. Nxf7 Rxf7 19. h5 Qd8 20. g4 fxg4 21.
Bh2 e5 22. dxe5 Bh4 23. Bf4 Be6 24. Qc2 h6 25. f3 gxf3 26. Bxh6 f2 27. Rg6 Qe7
28. Bf4 c5 29. Qe2 c4 30. Bc2 Bh3 31. Rh1 f1=Q+ 32. Rxf1 Bxf1 33. Qxf1 Bg5 34.
Qg2 Bxf4 35. exf4 Kf8 36. h6 Qh4 37. Rxg7 Qxh6 38. Rg8+ Ke7 39. Rxa8 Qxf4 40.
Qxd5 Qf1+ 41. Bb1 {Black resigns} 1-0

[Event "Team 45 45 League T39"]
[Site "Internet Chess Club"]
[Date "2008.11.02"]
[Round "2"]
[White "Jozin"]
[Black "Ziah"]
[Result "1-0"]
[WhiteElo "1589"]
[BlackElo "1773"]
[Opening "English opening"]
[ECO "A16"]
[Time "02:00:12"]
[TimeControl "2700+45"]

1. c4 Nf6 2. Nc3 Nc6 3. g3 b6 4. Bg2 Bb7 5. e3 e6 6. Nge2 d5 7. cxd5 Nxd5 8. O-O
Nxc3 9. dxc3 Be7 10. Qxd8+ Rxd8 11. Nd4 Nxd4 12. exd4 Bxg2 13. Kxg2 c5 14. Be3
cxd4 15. Bxd4 O-O 16. Rad1 Rd7 17. Rd3 Rfd8 18. Re3 Bg5 19. f4 Bf6 20. Bxf6 gxf6
21. Rf2 Rd5 22. Ree2 e5 23. Kf3 Kg7 24. Re4 Rd2 25. Rxd2 Rxd2 26. Re2 e4+ 27.
Rxe4 Rxb2 28. Re2 Rxe2 29. Kxe2 f5 30. Kd3 Kf6 31. Kc4 a6 32. Kd5 h5 33. Kc6 b5
34. Kb6 h4 35. Kxa6 Kg6 36. Kxb5 hxg3 37. hxg3 Kh5 38. a4 Kg4 39. a5 Kxg3 40. a6
Kxf4 41. a7 Kg3 42. a8=Q f4 43. Qg8+ Kf2 44. Qxf7 f3 45. c4 Kg2 46. c5 f2 47. c6
f1=Q+ 48. Qxf1+ {Black resigns} 1-0